 Dungeon Crawl Stone Soup version 0.30.0-5-g1a98f26d00 (webtiles) character file.

Game seed: 3117619165203067054

24070 Esekla the Thaumaturge (level 13, -9/72 HPs)
             Began as a Tengu Venom Mage on May 10, 2023.
             Was a Believer of Ashenzari.
             Killed from afar by an oklob plant (29 damage)
             ... with a splash of acid
             ... on level 11 of the Dungeon.
             The game lasted 01:38:59 (14185 turns).

Esekla the Thaumaturge (Tengu Venom Mage)          Turns: 14185, Time: 01:38:59

Health: -9/72      AC: 11    Str: 14    XL:     13   Next: 10%
Magic:  38/39      EV: 18    Int: 22    God:    Ashenzari [**....]
Gold:   963        SH:  5    Dex: 14    Spells: 15/36 levels left

rFire   . . .        a - +5 scimitar (freeze)
rCold   . . .        z - +0 buckler "Ensconced Together" {Elem, Alch} (curse)
rNeg    . . .        J - +0 steam dragon scales
rPois   .            (helmet restricted)
rElec   .            N - +2 cloak
rCorr   .            f - +2 pair of gloves of Toth-Mos's Legacy {Range, Elem} (curse)
SInv    +            (boots unavailable)
Will    .....        c - amulet of the Eye in the Sky {RegenMP, Self, Range} (curse)
Stlth   +++          G - ring of magical power
HPRegen 0.32/turn    u - +6 ring of strength
MPRegen 0.66/turn

%: no passive effects
@: flying quickly and evasively, quick
A: beak, talons 3, nimble flight
a: Renounce Religion, Curse Item, Shatter the Chains


You were on level 11 of the Dungeon.
You worshipped Ashenzari.
Ashenzari was pleased with you.
You visited 3 branches of the dungeon, and saw 14 of its levels.
You visited the Abyss 1 time.
You also visited: Ossuary.

You collected 963 gold pieces.

Inventory:

Hand Weapons
 a - a +5 scimitar of freezing (weapon)
 r - a +0 trident
 s - a +3 dagger of venom
 P - a +2 falchion of venom
Missiles
 j - 17 poisoned darts
 F - 9 boomerangs (quivered)
 H - a curare-tipped dart
Armour
 f - the cursed +2 pair of gloves of Toth-Mos's Legacy (worn) {Range, Elem}
   (You found it on level 1 of the Dungeon)

   It has a curse which improves the following skills: Ranged Combat: Ranged
   Weapons and Throwing.
   Elements:  Fire Magic, Ice Magic, Air Magic and Earth Magic.
 y - a +0 robe of fire resistance
 z - the cursed +0 buckler "Ensconced Together" (worn) {Elem, Alch}
   (You took it off a hobgoblin on level 3 of the Dungeon)

   It has a curse which improves the following skills: Elements: Fire Magic, Ice
   Magic, Air Magic and Earth Magic.
   Alchemy:   Poison Magic and Transmutations.
 J - +0 steam dragon scales (worn)
 N - a +2 cloak (worn)
Magical Staves
 v - a staff of death
Jewellery
 c - the cursed amulet of the Eye in the Sky (around neck) {RegenMP, Self, Range}
   (You found it on level 11 of the Dungeon)

   [amulet of magic regeneration]

   It increases your rate of magic regeneration.
   It has a curse which improves the following skills: Introspection: Fighting
   and Spellcasting.
   Ranged Combat: Ranged Weapons and Throwing.
 q - a ring of resist corrosion
 u - a +6 ring of strength (right hand)
 G - a ring of magical power (left hand)
 O - a +6 ring of dexterity
Wands
 m - a wand of light (16)
 K - a wand of polymorph (6)
 L - a wand of flame (31)
 Q - a wand of mindburst (8)
Scrolls
 e - 2 scrolls of acquirement
 l - 5 scrolls of poison
 o - 6 scrolls of teleportation
 p - 5 scrolls of fear
 w - a scroll of amnesia
 x - a scroll of blinking
 A - 2 scrolls of brand weapon
 E - a scroll of enchant armour
 I - a scroll of fog
 M - a scroll of magic mapping
Potions
 b - 3 potions of magic
 d - 4 potions of attraction
 g - 7 potions of brilliance
 h - 7 potions of heal wounds
 i - 5 potions of might
 k - 2 potions of berserk rage
 n - 5 potions of cancellation
 t - 2 potions of ambrosia
 B - 5 potions of curing
 C - a potion of invisibility
 D - 2 potions of lignification


   Skills:
 + Level 3.6(4.7) Fighting
 + Level 3.3(4.7) Short Blades
 * Level 5.2(5.7) Long Blades
 + Level 3.0 Axes
 + Level 0.2(0.6) Throwing
 * Level 8.4 Dodging
 + Level 5.0 Stealth
 + Level 4.1 Shields
 * Level 11.3(12.4) Spellcasting
 * Level 8.9 Conjurations
 + Level 1.8 Translocations
 + Level 4.4(5.5) Transmutations
 + Level 6.0(7.8) Fire Magic
 + Level 1.2(2.3) Ice Magic
 * Level 8.1(9.9) Air Magic
 - Level 6.0(7.1) Poison Magic


You had 15 spell levels left.
You knew the following spells:

 Your Spells              Type           Power      Damage    Failure   Level
a - Sting                 Tmut/Pois      100%       1d8       1%          1
c - Mephitic Cloud        Conj/Pois/Air  51%        N/A       1%          3
h - Vhi's Electric Charg  Tloc/Air       78%        N/A       1%          3
n - Ignite Poison         Fire/Tmut/Pois 43%        N/A       1%          3
p - Apportation           Tloc           42%        N/A       3%          1
v - Poisonous Vapours     Pois/Air       100%       N/A       1%          2
x - Olgreb's Toxic Radia  Pois           45%        N/A       3%          4
y - Sticky Flame          Conj/Fire      50%        2d7       1%          4

Your spell library contained the following spells:

 Spells                   Type           Power      Damage    Failure   Level
 Magic Dart               Conj           100%       1d8       1%          1
 Cigotuvi's Dreadful Rot  Necr/Pois/Air  76%        N/A       1%          2
 Arcjolt                  Conj/Air       26%        1d36      3%          5
 Lesser Beckoning         Tloc           42%        N/A       4%          2
 Iskenderun's Battlesphe  Conj           52%        2d10      4%          5
 Fireball                 Conj/Fire      25%        3d11      5%          5
 Necrotise                Necr           52%        1d6       6%          1
 Summon Small Mammal      Summ           52%        N/A       6%          1
 Gell's Gravitas          Tloc           21%        N/A       9%          3
 Teleport Other           Tloc           21%        N/A       9%          3
 Call Imp                 Summ           26%        N/A       10%         2
 Portal Projectile        Hex/Tloc       34%        N/A       13%         3
 Call Canine Familiar     Summ           13%        N/A       19%         3
 Conjure Ball Lightning   Conj/Air       26%        3x3d7     21%         6
 Dispel Undead            Necr           13%        3d9       52%         4
 Leda's Liquefaction      Hex/Erth       7%         N/A       52%         4
 Orb of Destruction       Conj           26%        9d9       80%         7
 Death Channel            Necr           6%         N/A       100%        6
 Ignition                 Fire           23%        3d8       100%        8
 Maxwell's Capacitive Co  Air            27%        ∞         100%        8


Dungeon Overview and Level Annotations

Branches:
Dungeon (12/15)            Temple (1/1) D:7            Lair (0/5) D:11
    Orc (1/2) D:11        Ossuary (visited)

Altars:
Ashenzari
Cheibriados
Dithmenos
Elyvilon
Fedhas
Gozag
Hepliaklqana
Kikubaaqudgha
Makhleb
Nemelex Xobeh
Okawaru
Qazlal
Ru
Sif Muna
Trog
Uskayaw
Vehumet
Wu Jian
Xom
Yredelemnul
Zin
The Shining One
Jiyva

Shops:
D:3 [   D:9 [

Annotations:
D:9 exclusion: orange crystal statue
D:10 0gre's ghost, journeyman GnIE
D:11 exclusion: oklob plant
Orc:1 Gastronok; Harold


Innate Abilities, Weirdness & Mutations

You have a beak for a mouth.
You have claws for feet.
Your magical nature lets you fly swiftly and evasively.


Message History

The boomerang hits the oklob plant but does no damage.
The oklob plant is moderately damaged.
The plant is engulfed in blazing flames. x3
The oklob plant is engulfed in blazing flames.
Throw: 9 boomerangs
Press: ? - help, Q - select action, (/) - cycle Shift-Dir - straight line, f/p - oklob plant
Aim: an oklob plant (flame, heavily damaged, 98% to hit)
You throw a boomerang.
The boomerang hits the oklob plant but does no damage.
The oklob plant is heavily damaged.
The plant is engulfed in blazing flames. x3
A nearby plant withers and dies.
The oklob plant spits acid at you. The splash of acid misses you.
Throw: 9 boomerangs
Press: ? - help, Q - select action, (/) - cycle Shift-Dir - straight line, f/p - oklob plant
Aim: an oklob plant (flame, heavily damaged, 98% to hit)
You throw a boomerang.
The boomerang hits the oklob plant but does no damage.
The oklob plant is heavily damaged.
The plant is engulfed in blazing flames.
A nearby plant withers and dies.
The plant is engulfed in blazing flames.
A nearby plant withers and dies.
The oklob plant is engulfed in blazing flames.
The oklob plant spits acid at you. The splash of acid hits you!!
The oklob plant is engulfed in blazing flames.
The oklob plant spits acid at you. The splash of acid hits you!!
* * * LOW HITPOINT WARNING * * *
Throw: 9 boomerangs
Press: ? - help, Q - select action, (/) - cycle Shift-Dir - straight line, f/p - oklob plant
Aim: an oklob plant (almost destroyed, 98% to hit)
You throw a boomerang.
The boomerang hits the oklob plant but does no damage.
The oklob plant is almost destroyed.
The oklob plant spits acid at you. The splash of acid hits you!!
You die...

#......#####...### #####
#.........##.....#######...#
#....[..........#...≈...#..#
#########.........#...#....##
###..#......##.P.##....#
######.........#...PPPP..#..#
#......#...#...#≈.P○>P..≈#..#
.......#...##..#.○...PP..#..#
...........##...@##..(##....#
......).##.##...).#...#.....###
........##..#...#...≈...#.....##
.........##.#....#######....#..##
.........##.....##....##.....#...
.......#....................#....
..........................#.#....
.....[...####....##....####.#)...
........## ##.#.....#..####.###..


You could see an oklob plant.

Vanquished Creatures
  Kirke (D:12)
  4 centaur warriors
  Erolcha (D:12)
  A boulder beetle (D:10)
  4 two-headed ogres
  Nergalle (D:11)
  A wizard (D:11)
  A deep elf pyromancer (D:12)
  3 cyclopes
  An ugly thing (D:11)
  An oklob plant (D:11)
  2 manticores
  Maurice (D:10)
  A gargoyle (D:12)
  Joseph (D:7)
  A komodo dragon (D:11)
  6 trolls
  A meliai (shapeshifter) (D:11)
  A hornet (D:9)
  Sigmund (D:3)
  2 wraiths
  2 shadows (D:12)
  A wyvern (D:9)
  A vampire (D:12)
  3 hogs (D:12)
  16 yaks
  3 steam dragons
  2 vampire mosquitoes
  2 acid dragons
  A water moccasin (D:6)
  9 orc warriors
  3 black bears
  2 ice beasts
  2 sky beasts
  7 ogres
  10 centaurs
  2 kobold brigands
  2 elf zombies (Ossuary)
  3 bullfrogs
  6 scorpions
  5 wights
  A hornet simulacrum (D:11)
  7 killer bees
  2 howler monkeys
  A centaur zombie (Ossuary)
  9 orc priests
  A jelly (D:6)
  A gnoll bouda (D:9)
  2 hounds (D:5)
  A human zombie (Ossuary)
  A sleepcap (D:6)
  4 iguanas
  Natasha (thrice) (D:2)
  12 orc wizards
  2 mummies (Ossuary)
  5 gnolls (D:9)
  4 adders
  A white imp (D:5)
  2 ufetubi
  A worm (D:2)
  3 dart slugs
  52 orcs
  9 ball pythons
  7 bats
  6 endoplasms
  A giant cockroach (D:2)
  5 goblins
  9 hobgoblins
  3 jackals (D:1)
  4 quokkas
  3 frilled lizards
  2 goblin zombies (Ossuary)
  10 hobgoblin zombies (Ossuary)
  3 jackal zombies (Ossuary)
  18 kobolds
  8 kobold zombies (Ossuary)
  8 orc zombies (Ossuary)
  4 rats (D:1)
  2 rat zombies (Ossuary)
335 creatures vanquished.

Notes
Turn   | Place    | Note
-------+----------+-------------------------------------------
     0 | D:1      | Esekla the Tengu Venom Mage began the quest for the Orb.
     0 | D:1      | Reached XP level 1. HP: 10/10 MP: 4/4
   220 | D:1      | Reached skill level 1 in Conjurations
   495 | D:1      | Reached XP level 2. HP: 15/15 MP: 6/6
   498 | D:1      | Learned a level 2 spell: Poisonous Vapours
   912 | D:1      | Reached XP level 3. HP: 20/20 MP: 2/7
  1087 | D:1      | Learned a level 3 spell: Mephitic Cloud
  1550 | D:2      | Reached skill level 1 in Air Magic
  1612 | D:2      | Noticed Natasha
  1622 | D:2      | Killed Natasha
  1623 | D:2      | Reached XP level 4. HP: 24/24 MP: 7/9
  1706 | D:2      | Noticed Natasha
  1713 | D:2      | Killed Natasha
  1714 | D:2      | Reached skill level 1 in Axes
  2130 | D:2      | Noticed Natasha
  2139 | D:2      | Killed Natasha
  2140 | D:2      | Reached skill level 1 in Fighting
  2140 | D:2      | Reached skill level 1 in Transmutations
  2140 | D:2      | Gained mutation: Your magical nature lets you fly swiftly
                  | and evasively. [Tengu growth]
  2140 | D:2      | Reached XP level 5. HP: 22/29 MP: 6/10
  2229 | D:3      | Learned a level 3 spell: Ignite Poison
  2231 | D:3      | Found Xegem's Antique Armour Shoppe.
  2250 | D:3      | Found a faded altar of an unknown god.
  2382 | D:3      | Found an ornate altar of the Wu Jian Council.
  2509 | D:3      | Noticed Sigmund
  2537 | D:3      | Killed Sigmund
  2538 | D:3      | Reached skill level 3 in Spellcasting
  2538 | D:3      | Reached skill level 1 in Fire Magic
  2538 | D:3      | Reached XP level 6. HP: 12/34 MP: 2/11
  2830 | D:3      | Identified the +2 mace "Wumef" {flame, rElec rF- rC-
                  | Stlth+}
  3350 | D:4      | Reached XP level 7. HP: 29/39 MP: 13/13
  3820 | D:5      | Entered Level 5 of the Dungeon
  3837 | D:5      | Reached skill level 1 in Short Blades
  4052 | D:5      | Found a sand-covered staircase.
  4073 | D:5      | Reached XP level 8. HP: 44/44 MP: 11/14
  4095 | Ossuary  | Entered an ossuary
  4446 | Ossuary  | Reached skill level 1 in Long Blades
  4481 | Ossuary  | Reached skill level 4 in Spellcasting
  5108 | D:5      | Found a glowing silver altar of Zin.
  5759 | D:6      | Reached XP level 9. HP: 49/49 MP: 17/17
  5829 | D:6      | Reached skill level 5 in Spellcasting
  5977 | D:6      | Learned a level 1 spell: Apportation
  5981 | D:6      | Learned a level 3 spell: Vhi's Electric Charge
  5986 | D:6      | Learned a level 4 spell: Olgreb's Toxic Radiance
  6307 | D:6      | Found an iron altar of Okawaru.
  6385 | D:6      | Reached skill level 5 in Dodging
  6732 | D:7      | Noticed Joseph
  6737 | D:7      | Reached skill level 5 in Poison Magic
  6738 | D:7      | Killed Joseph
  6739 | D:7      | Reached skill level 1 in Shields
  6983 | D:7      | Reached skill level 6 in Spellcasting
  7054 | D:7      | Found a staircase to the Ecumenical Temple.
  7063 | Temple   | Entered the Ecumenical Temple
  7161 | Temple   | Became a worshipper of Ashenzari the Shackled
  7279 | D:7      | Reached XP level 10. HP: 56/56 MP: 17/20
  8143 | D:8      | Found a snail-covered altar of Cheibriados.
  8143 | D:8      | Found a shimmering altar of Xom.
  8148 | D:8      | Found a shadowy altar of Dithmenos.
  8150 | D:8      | Found a burning altar of Makhleb.
  8151 | D:8      | Found a stormy altar of Qazlal.
  8266 | D:8      | Learned a level 4 spell: Sticky Flame
  8614 | D:9      | Found Maograuc's Antique Armour Shop.
  9035 | D:9      | Noticed an orange crystal statue
  9085 | D:9      | Found an ancient bone altar of Kikubaaqudgha.
  9086 | D:9      | Found a blossoming altar of Fedhas.
  9110 | D:9      | Reached * piety under Ashenzari
  9110 | D:9      | Identified 2 scrolls of acquirement
  9378 | D:9      | Reached skill level 1 in Translocations
  9378 | D:9      | Reached skill level 5 in Fire Magic
  9378 | D:9      | Reached skill level 1 in Ice Magic
  9384 | D:9      | Reached skill level 7 in Spellcasting
  9777 | D:10     | Entered Level 10 of the Dungeon
  9785 | D:9      | Reached skill level 5 in Conjurations
  9887 | D:10     | Noticed a boulder beetle
  9893 | D:10     | Killed a boulder beetle
  9894 | D:10     | Reached skill level 5 in Air Magic
  9894 | D:10     | Reached XP level 11. HP: 60/60 MP: 23/23
 10152 | D:10     | Noticed Maurice
 10160 | D:10     | Killed Maurice
 10341 | D:10     | Reached skill level 8 in Spellcasting
 10448 | D:10     | Noticed a two-headed ogre
 10452 | D:10     | Killed a two-headed ogre
 10626 | D:10     | Found a runed translucent gate.
 10630 | D:10     | Found a runed translucent gate.
 10631 | D:10     | Found a runed translucent gate.
 10631 | D:10     | Noticed 0gre's ghost (journeyman GnIE)
 10632 | D:10     | Noticed a nine-headed hydra
 10632 | D:10     | Noticed an 11-headed hydra
 10691 | D:10     | Found a sacrificial altar of Ru.
 11286 | D:11     | Noticed a manticore
 11295 | D:11     | Noticed a centaur warrior
 11305 | D:11     | Killed a manticore
 11306 | D:11     | Noticed a cyan ugly thing
 11307 | D:11     | Killed a centaur warrior
 11462 | D:11     | Killed a cyan ugly thing
 11569 | D:11     | Noticed a centaur warrior
 11575 | D:11     | Killed a centaur warrior
 11656 | D:11     | Noticed Nergalle
 11663 | D:11     | Killed Nergalle
 11664 | D:11     | Reached skill level 9 in Spellcasting
 11708 | D:11     | Found a staircase to the Lair.
 11713 | D:11     | Noticed an oklob plant
 11713 | D:11     | Noticed an oklob plant
 11833 | D:11     | Noticed a cyclops
 11850 | D:11     | Killed a cyclops
 11884 | D:11     | Reached ** piety under Ashenzari
 11916 | D:11     | Noticed a centaur warrior
 11926 | D:11     | Reached XP level 12. HP: 67/67 MP: 26/27
 11927 | D:11     | Killed a centaur warrior
 12068 | Abyss:3  | Cast into level 3 of the Abyss (a wizard)
 12079 | D:11     | Escaped the Abyss
 12173 | D:11     | Found a staircase to the Orcish Mines.
 12329 | D:11     | Identified the +1 helmet of Heresy {rElec rPois}
 12496 | D:12     | Noticed a two-headed ogre
 12502 | D:12     | Killed a two-headed ogre
 12655 | D:12     | Noticed a centaur warrior
 12663 | D:12     | Killed a centaur warrior
 12664 | D:12     | Reached skill level 10 in Spellcasting
 12882 | D:12     | Noticed a two-headed ogre
 12892 | D:12     | Killed a two-headed ogre
 13076 | D:12     | Noticed a two-headed ogre
 13100 | D:12     | Killed a two-headed ogre
 13325 | D:12     | Noticed Kirke
 13332 | D:12     | Killed Kirke
 13445 | D:12     | Noticed Erolcha
 13450 | D:12     | Killed Erolcha
 13451 | D:12     | Reached skill level 5 in Long Blades
 13451 | D:12     | Reached skill level 11 in Spellcasting
 13554 | D:12     | Reached XP level 13. HP: 56/72 MP: 30/30
 13823 | Orc:1    | Entered Level 1 of the Orcish Mines
 13823 | Orc:1    | Noticed Gastronok
 13825 | Orc:1    | Noticed Harold
 14166 | D:11     | Reached skill level 5 in Stealth
 14185 | D:11     | Killed from afar by an oklob plant

Illustrated notes

Levels and vault maps discovered:
D:1:      elethiomel_arrival_quiet, layout_basic, minmay_strange_pillars,
          kennysheep_pointless_box
D:2:      layout_loops_ring, uniq_natasha
D:3:      layout_basic, nzn_wu_jian_contemplation, serial_shops, shop,
          dreamdust_ecumenical_altar_angels_and_demons, kennysheep_small_spiral,
          nicolae_eternal_life, uniq_sigmund
D:4:      layout_loops_ring
D:5:      layout_loops_cross, lemuel_coloured_pillars_altar,
          nicolae_ossuary_entry_monument, amcnicky_mini_pool_small
D:6:      layout_rooms, mainiacjoe_overflow_alcove_2, moated_statue
D:7:      layout_cave_pools, minmay_temple_entry_glass,
          minmay_misc_feat_diagonals, uniq_joseph
D:8:      layout_basic, chequers_temple_overflow_minitemple
D:9:      layout_cave_pods, grunt_temple_overflow_growth_and_decay,
          serial_shops, shop, minivault_16, minmay_starry_boxes
D:10:     layout_irregular_city, hangedman_ru_absence,
          gammafunk_ghost_hydra_chop, nzn_sisyphean_effort, uniq_maurice
D:11:     layout_rooms, dpeg_oklobed_lair, david_orc_1_choice,
          minmay_shattered_shrine, uniq_nergalle
D:12:     layout_irregular_city, minmay_increasing_density, uniq_kirke,
          uniq_erolcha
Temple:   pf_slime_end_temple
Orc:1:    layout_caves, guppyfry_library_mini, uniq_harold, uniq_gastronok,
          uniq_urug

Skill      XL: |  1  2  3  4  5  6  7  8  9 10 11 12 13 |
---------------+----------------------------------------+-----
Conjurations   | 1 2 3 4 5 7 8 |  8.9
Air Magic      | 1 2 3 4 5 6 7 8 |  8.1
Axes           | 1 2 3 |  3.0
Fighting       | 1 2 3 |  3.6
Transmutations | 1 2 3 4 |  4.4
Spellcasting   | 3 4 6 7 9 11 | 11.3
Fire Magic     | 1 2 3 4 5 6 |  6.0
Dodging        | 3 4 5 6 7 8 |  8.4
Stealth        | 3 4 5 |  5.0
Short Blades   | 1 2 3 |  3.3
Long Blades    | 1 2 3 5 |  5.2
Poison Magic   | 4 5 6 |  6.0
Shields        | 2 4 |  4.1
Translocations | 1 |  1.8
Ice Magic      | 1 |  1.2
Throwing       | |  0.2

Action                     |  1- 3 |  4- 6 |  7- 9 | 10-12 | 13-15 || total
---------------------------+-------+-------+-------+-------+-------++-------
  Melee: War axe           |    64 |    12 |    48 |       |       ||   124
         Kick              |    14 |    26 |    55 |    43 |     2 ||   140
         Peck              |     7 |     7 |    31 |    26 |     1 ||    72
         Dagger            |     1 |    59 |    49 |    66 |       ||   175
         Punch             |       |     1 |     2 |       |       ||     3
         Long sword        |       |       |    30 |    22 |       ||    52
         Scimitar          |       |       |       |    27 |     4 ||    31
  Throw: Dart              |       |       |     2 |     1 |       ||     3
         Boomerang         |       |       |     3 |     4 |     9 ||    16
   Cast: Sting             |    12 |       |       |       |       ||    12
         Poisonous Vapours |    19 |    10 |    40 |    52 |       ||   121
         Mephitic Cloud    |       |     3 |    15 |    39 |     4 ||    61
         Ignite Poison     |       |     1 |    28 |    72 |     5 ||   106
         Apportation       |       |       |     6 |    27 |       ||    33
         Olgreb's Toxic Ra |       |       |     3 |    26 |     3 ||    32
 Invoke: Curse Item        |       |       |       |     3 |       ||     3
    Use: Scroll            |       |       |     7 |     9 |       ||    16
         Potion            |       |       |       |       |     1 ||     1
   Stab: Sleeping          |     3 |     3 |     9 |     5 |       ||    20
         Confused          |       |     2 |       |       |       ||     2
 Armour: Robe              |    22 |    23 |    35 |       |       ||    80
         Steam dragon scal |       |       |     2 |    26 |     4 ||    32
  Dodge: Dodged            |    55 |    31 |    97 |   113 |    22 ||   318
  Block: Buckler           |       |       |       |    14 |    10 ||    24
